 Dungeon Crawl Stone Soup version 0.30-a0-1116-gebefce21f7 (webtiles) character file.

Game seed: 3493665723042897753

114 holysushi the Cutter (level 4, 0/35 HPs)
             Began as a Demonspawn Monk on Apr 22, 2023.
             Was a Follower of Uskayaw.
             Slain by a gnoll
             ... wielding a +2 whip of electrocution
              (5 damage)
             ... on level 3 of the Dungeon.
             The game lasted 00:03:03 (2830 turns).

holysushi the Cutter (Demonspawn Monk)              Turns: 2830, Time: 00:03:04

Health: 0/35       AC:  2    Str: 10 (11) XL:     4   Next: 66%
Magic:  4/4        EV: 13    Int: 12 (13) God:    Uskayaw [*.....]
Gold:   128        SH:  0    Dex: 18      Spells: 3/3 levels left

rFire   . . .      SeeInvis .    a - +0 short sword
rCold   . . .      Faith    .    d - orb {light}
rNeg    . . .      Spirit   .    b - +0 robe
rPois   .          Reflect  .    (no helmet)
rElec   .          Rampage  .    (no cloak)
rCorr   .                        (no gloves)
Will    .....                    (no boots)
Stlth   +                        (no amulet)
HPRegen 0.25/turn                (no ring)
MPRegen 0.09/turn                (no ring)

@: glowing
A: claws 1, big brain 1
a: Renounce Religion, Stomp


You were on level 3 of the Dungeon.
You worshipped Uskayaw.
Uskayaw was noncommittal.
You visited 1 branch of the dungeon, and saw 3 of its levels.

You collected 128 gold pieces.

Inventory:

Hand Weapons
 a - a +0 short sword (weapon)
Armour
 b - a +0 robe (worn)
 d - an orb of light (worn)
Scrolls
 g - a scroll of fear {unknown}
 h - a scroll of teleportation
 i - 2 scrolls of identify
 k - a scroll of amnesia {unknown}
 l - a scroll of enchant weapon {unknown}
 m - a scroll of fog {unknown}
 o - a scroll of poison {unknown}
Potions
 c - a potion of ambrosia
 e - a potion of lignification {unknown}
 f - 2 potions of degeneration
 j - a potion of flight {unknown}
 n - a potion of brilliance {unknown}


   Skills:
 - Level 3.0 Fighting
 + Level 5.0 Short Blades
 - Level 2.6 Dodging


You had 3 spell levels left.
You didn't know any spells.
Your spell library contained the following spells:

 Spells                   Type           Power      Damage    Failure   Level
 Apportation              Tloc           0%         N/A       32%         1
 Necrotise                Necr           0%         1d4       32%         1
 Summon Small Mammal      Summ           0%         N/A       32%         1
 Vhi's Electric Charge    Tloc/Air       0%         N/A       69%         3
 Arcjolt                  Conj/Air       0%         1d10      100%        5
 Plasma Beam              Fire/Air       0%         2x1d11    100%        6


Dungeon Overview and Level Annotations

Branches:
Dungeon (3/15) Zot: 15231

Altars:
Ashenzari
Fedhas
Qazlal
Ru
Uskayaw
Wu Jian


Innate Abilities, Weirdness & Mutations

You have sharp fingernails.
You have an unusually large brain. (Int +2)


Message History

You kill the gnoll!
You feel your strength returning.
Your Short Blades skill increases to level 5!
Things that are here:
a +0 club; a gnoll corpse You see here a +0 whip.
You barely miss the gnoll. The gnoll barely misses you.
You hit the gnoll.
The gnoll is lightly wounded.
The gnoll barely misses you.
You hit the gnoll but do no damage.
The gnoll is lightly wounded.
You hit the gnoll.
The gnoll is lightly wounded.
The gnoll hits you with a +2 whip of electrocution!
You are electrocuted!
You hit the gnoll.
The gnoll is heavily wounded.
The gnoll hits you with a +2 whip of electrocution!
* * * LOW HITPOINT WARNING * * *
You hit the gnoll but do no damage.
The gnoll is heavily wounded.
The gnoll barely misses you.
You hit the gnoll.
The gnoll is severely wounded.
Okay, then.
Press: ? - help, v - describe, . - travel
Here: a gnoll, wielding a +2 whip of electrocution (severely wounded, haloed)
The floor.
Unknown command.
You hit the gnoll.
The gnoll is severely wounded.
The gnoll closely misses you.
You hit the gnoll but do no damage.
The gnoll is severely wounded.
The gnoll closely misses you.
You hit the gnoll but do no damage.
The gnoll is severely wounded.
The gnoll hits you with a +2 whip of electrocution.
You die...

### ### ### ###
######.###.###.###.#
#..@#.#.#.#.#.#.#.#.
#.g.#.#.#.#.#.#.#.#.
#.##.###.###.###.###
#.#### ### #########
#..####### #..).).).
##.......# #.###...#
#######.# #.# #....
#.###.####..#
#.##...###...


You could see a gnoll.

Vanquished Creatures
  Terence (D:2)
  An adder (D:2)
  A gnoll (D:3)
  10 bats
  5 endoplasms
  7 giant cockroaches
  3 goblins
  9 hobgoblins
  5 jackals
  2 quokkas (D:2)
  4 ball pythons
  2 frilled lizards
  A kobold (D:1)
  13 rats
64 creatures vanquished.

Notes
Turn   | Place    | Note
-------+----------+-------------------------------------------
     0 | D:1      | holysushi the Demonspawn Monk began the quest for the Orb.
     0 | D:1      | Reached XP level 1. HP: 18/18 MP: 1/1
    50 | D:1      | Reached skill level 3 in Short Blades
   132 | D:1      | Gained mutation: You have an unusually large brain. (Int
                  | +2) [demonic ancestry]
   132 | D:1      | Reached XP level 2. HP: 24/24 MP: 2/2
   710 | D:1      | Reached XP level 3. HP: 28/29 MP: 3/3
   889 | D:2      | Reached skill level 4 in Short Blades
   971 | D:2      | Noticed Terence
   990 | D:2      | Killed Terence
   991 | D:2      | Gained mutation: You have sharp fingernails. [demonic
                  | ancestry]
   991 | D:2      | Reached XP level 4. HP: 13/35 MP: 4/4
  1281 | D:2      | Found a faded altar of an unknown god.
  2084 | D:2      | Prayed at the altar of an unknown god.
  2084 | D:2      | Became a worshipper of Uskayaw the Reveller
  2084 | D:2      | Reached * piety under Uskayaw
  2084 | D:2      | Reached ** piety under Uskayaw
  2142 | D:3      | Found a sacrificial altar of Ru.
  2145 | D:3      | Found a blossoming altar of Fedhas.
  2155 | D:3      | Found an ornate altar of the Wu Jian Council.
  2158 | D:3      | Found a broken altar of Ashenzari.
  2432 | D:3      | Found a stormy altar of Qazlal.
  2797 | D:3      | Reached skill level 5 in Short Blades
  2830 | D:3      | Slain by a gnoll

Illustrated notes

Levels and vault maps discovered:
D:1:      dpeg_arrival_arbitrary_c, layout_loops_ring, palyth_stone_intersect
D:2:      layout_loops_corners, hellmonk_ecumenical_altar_dog_temple,
          st_stairs_11, uniq_terence
D:3:      layout_loops_ring, nicolae_overflow_hidden_temple,
          grunt_temple_overflow_cloverleaf, grunt_decor_resistance

Skill      XL: |  1  2  3  4 |
---------------+-------------+-----
Short Blades   | 3 4 5 |  5.0
Fighting       | |  3.0
Dodging        | |  2.6

Action                     |  1- 3 |  4- 6 || total
---------------------------+-------+-------++-------
  Melee: Short sword       |   109 |   101 ||   210
    Use: Potion            |     5 |       ||     5
         Scroll            |       |     2 ||     2
 Armour: Robe              |    19 |    11 ||    30
  Dodge: Dodged            |    67 |    70 ||   137

Table legend: (Time is in decaauts)
 A = Elapsed time spent in this place.
 B = Non-inter-level travel time spent in this place.
 C = Inter-level travel time spent in this place.
 D = Time resting spent in this place.
 E = Time spent auto-exploring this place.
 F = Levels seen in this place.
 G = Mean time per level.
                   A        B        C        D        E       F      G
               +--------+--------+--------+--------+--------+-----+--------+
         Total |   2768 |   2653 |    115 |    145 |   2050 |   3 |  922.7 |
       Dungeon |   2768 |   2653 |    115 |    145 |   2050 |   3 |  922.7 |
               +--------+--------+--------+--------+--------+-----+--------+

Top non-repeatable levels by time:
     D:2: 1250 daAuts
     D:1: 801 daAuts
     D:3: 716 daAuts
